 Dungeon Crawl Stone Soup version 0.30-a0-845-g7c6808c8ce (webtiles) character file.

Game seed: 4290115023798346970

76 demibob the Cutter (level 4, 25/35 HPs)
             Began as a Demonspawn Wanderer on Mar 3, 2023.
             Was a Follower of Trog.
             Quit the game on level 2 of the Dungeon.
             The game lasted 00:03:13 (1577 turns).

demibob the Cutter (Demonspawn Wanderer)            Turns: 1577, Time: 00:03:14

Health: 25/35      AC:  5    Str: 13    XL:     4   Next: 12%
Magic:  5/5        EV: 10    Int: 14    God:    Trog [*.....]
Gold:   198        SH:  0    Dex: 13    Spells: 4/5 levels left

rFire   . . .      SeeInvis .    a - +2 dagger
rCold   + . .      Faith    .    (no shield)
rNeg    . . .      Spirit   .    c - +0 ring mail
rPois   +          Reflect  .    (no helmet)
rElec   .          Rampage  .    (no cloak)
rCorr   .                        (no gloves)
Will    .....                    (no boots)
Stlth   +                        (no amulet)
HPRegen 0.25/turn                P - ring of poison resistance
MPRegen 0.09/turn                C - ring of protection from cold

@: studying Staves
A: claws 1, demonic guardian 2
a: Renounce Religion, Berserk


You were on level 2 of the Dungeon.
You worshipped Trog.
Trog was aware of your devotion.
You visited 1 branch of the dungeon, and saw 2 of its levels.

You collected 198 gold pieces.


Innate Abilities, Weirdness & Mutations

You have sharp fingernails.
A demonic guardian rushes to your aid.


   Skills:
 - Level 3.0 Fighting
 - Level 3.1 Short Blades
 + Level 1.9 Staves
 - Level 1.7 Armour
 - Level 2.6 Stealth
 - Level 1.0 Spellcasting
 - Level 1.0 Conjurations


You had 4 spell levels left.
You knew the following spells:

 Your Spells              Type           Power      Damage    Failure   Level
f - Foxfire               Conj/Fire      8%         2x1d4     41%         1

Your spell library contained the following spells:

 Spells                   Type           Power      Damage    Failure   Level
 Hailstorm                Conj/Ice       2%         3d3       80%         3
 Fireball                 Conj/Fire      1%         3d3       100%        5
 Starburst                Conj/Fire      1%         6d3       100%        6

Inventory:

Hand Weapons
 a - a +2 dagger (weapon)
Armour
 c - a +0 ring mail (worn)
Magical Staves
 h - a staff of death {!a}
Jewellery
 C - a ring of protection from cold (right claw)
 P - a ring of poison resistance (left claw)
Scrolls
 d - a scroll of fear
 f - a scroll of poison {unknown}
Potions
 b - a potion of brilliance
 e - a potion of berserk rage {unknown}
 g - a potion of degeneration {unknown}
 i - a potion of curing {unknown}

Dungeon Overview and Level Annotations

Branches:
Dungeon (2/15)

Altars:
Trog

..........†.........†..#
..........###..#..####.#
.....#....# #..#.......##
....###..###..###.......###
...!.#..## ##..#...........
.........###.....#.....####
......#...#...#.##.#..###..
.....###.....####.........#
....# ##.@.## ##.#.#....#.
.... #...†.###..#.#.##.#.
... #...#...#.#.#.#(##.#.
.. .?..###..........##.#.
..#..# #..#......##.#. #
##. $###.......... #. #
#####...... ...........
######.....


There were no monsters in sight!


Message History

The adder is heavily wounded.
The adder closely misses you.
You hit the adder.
The adder is severely wounded.
The adder bites you.
You closely miss the adder.
The adder is severely wounded.
The adder barely misses you.
You hit the adder.
The adder is almost dead.
The adder bites you.
You miss the adder.
The adder is almost dead.
The adder bites you.
You barely miss the adder.
The adder is almost dead.
The adder bites you. The adder bites you but does no damage.
You miss the adder.
The adder is almost dead.
The adder barely misses you.
You hit the adder.
You kill the adder!
You have reached level 4!
You feel stronger.
Your demonic ancestry asserts itself...
Your fingernails lengthen.
This altar belongs to (a) Vehumet, (b) Trog or (c) Kikubaaqudgha, but you can't tell which.
Press the corresponding letter to learn more about a god, or press enter to convert or escape to cancel.
Trog accepts your prayer! Trog welcomes you!
You can now go berserk at will.
Are you sure you want to abandon this character and quit the game? (Confirm with "yes".)

Skill      XL: |  1  2  3 |
---------------+----------+-----
Short Blades   | 1 2 3 |  3.1
Staves         | 1 |  1.9
Fighting       | |  3.0
Armour         | |  1.7
Stealth        | |  2.6
Spellcasting   | |  1.0
Conjurations   | |  1.0

Action                     |  1- 3 |  4- 6 || total
---------------------------+-------+-------++-------
  Melee: Dagger            |   148 |       ||   148
    Use: Scroll            |     1 |       ||     1
   Stab: Sleeping          |     1 |       ||     1
 Armour: Ring mail         |    51 |       ||    51
  Dodge: Dodged            |    60 |       ||    60

Levels and vault maps discovered:
D:1:      kennysheep_arrival_seaside, layout_basic, minmay_gold_behind_fungi,
          wander_ebering_terrifying_dragon_lair
D:2:      layout_rooms, nicolae_ecumenical_snake_handling, uniq_jessica

Notes
Turn   | Place    | Note
-------+----------+-------------------------------------------
     0 | D:1      | demibob the Demonspawn Wanderer began the quest for the
                  | Orb.
     0 | D:1      | demibob set off with the following items: a +2 dagger, a
                  | potion of brilliance, a +0 ring mail, a scroll of fear; and
                  | the following spell memorised: Foxfire; and the following
                  | spells available to memorise: Hailstorm.
     0 | D:1      | Reached XP level 1. HP: 18/18 MP: 2/2
   150 | D:1      | Reached skill level 1 in Short Blades
   261 | D:1      | Gained mutation: A weak demonic guardian rushes to your
                  | aid. [demonic ancestry]
   261 | D:1      | Reached XP level 2. HP: 19/24 MP: 3/3
   464 | D:1      | Reached skill level 2 in Short Blades
  1125 | D:1      | Identified a scroll of acquirement
  1217 | D:2      | Gained mutation: A demonic guardian rushes to your aid.
                  | [demonic ancestry]
  1217 | D:2      | Reached XP level 3. HP: 13/29 MP: 4/4
  1343 | D:2      | HP: 2/29 [poisoned by an adder]
  1439 | D:2      | Reached skill level 3 in Short Blades
  1519 | D:2      | Acquired a manual of Staves
  1541 | D:2      | Reached skill level 1 in Staves
  1545 | D:2      | Found a faded altar of an unknown god.
  1576 | D:2      | Gained mutation: You have sharp fingernails. [demonic
                  | ancestry]
  1576 | D:2      | Reached XP level 4. HP: 24/35 MP: 5/5
  1576 | D:2      | Prayed at the altar of an unknown god.
  1576 | D:2      | Became a worshipper of Trog the Wrathful
  1576 | D:2      | Reached * piety under Trog
  1577 | D:2      | Quit the game

Vanquished Creatures
  4 adders (D:2)
  A worm (D:2)
  2 dart slugs
  2 endoplasms
  2 giant cockroaches (D:1)
  4 goblins
  4 hobgoblins (D:1)
  2 kobolds
  A quokka (D:1)
  A ball python (D:1)
  3 bats
  3 frilled lizards (D:1)
  6 rats
35 creatures vanquished.

Vanquished Creatures (others)
  3 toadstools (D:1)
3 creatures vanquished.

Grand Total: 38 creatures vanquished

Table legend: (Time is in decaauts)
 A = Elapsed time spent in this place.
 B = Non-inter-level travel time spent in this place.
 C = Inter-level travel time spent in this place.
 D = Time resting spent in this place.
 E = Time spent auto-exploring this place.
 F = Levels seen in this place.
 G = Mean time per level.
                   A        B        C        D        E       F      G
               +--------+--------+--------+--------+--------+-----+--------+
         Total |   1563 |   1496 |     67 |    225 |    969 |   2 |  781.5 |
       Dungeon |   1563 |   1496 |     67 |    225 |    969 |   2 |  781.5 |
               +--------+--------+--------+--------+--------+-----+--------+

Top non-repeatable levels by time:
     D:1: 1188 daAuts
     D:2: 375 daAuts

Table legend:
 A = Non-vault XP
 B = Vault XP
 C = Vault XP percentage of total XP
 D = Non-vault monster count
 E = Vault monster count
 F = Vault count percentage of total count
                 A         B        C        D         E       F
            +---------+---------+-------+---------+---------+-------
      Total |      81 |      28 |  25.7 |      32 |       3 |   8.6
            +---------+---------+-------+---------+---------+-------
        D:1 |      37 |       1 |   2.6 |      21 |       1 |   4.5
        D:2 |      44 |      27 |  38.0 |      11 |       2 |  15.4
            +---------+---------+-------+---------+---------+-------
